 Dungeon Crawl Stone Soup version 0.30.0-10-gfe55d96785 (webtiles) character file.

Game seed: 12474877975808236506

1475 Pimp the Skirmisher (level 8, -2/48 HPs)
             Began as a Deep Elf Hunter on May 13, 2023.
             Was a Believer of Okawaru.
             Killed from afar by an acid dragon (18 damage)
             ... with a splash of acid
             ... on level 5 of the Dungeon.
             The game lasted 00:12:37 (4624 turns).

Pimp the Skirmisher (Deep Elf Hunter)               Turns: 4624, Time: 00:12:38

Health: -2/48      AC: 11    Str:  8    XL:     8   Next: 49%
Magic:  10/10      EV:  5    Int: 15    God:    Okawaru [**....]
Gold:   347        SH:  0    Dex: 20    Spells: 7/7 levels left

rFire   + + .        k - +0 demon blade
rCold   . . .        (no shield)
rNeg    . . .        s - +1 chain mail of Yczid {-Cast Rampage rF+ Will+}
rPois   +            (helmet restricted)
rElec   .            u - +1 cloak
rCorr   .            (no gloves)
SInv    .            (no boots)
Will    +....        y - amulet of regeneration
Stlth   +            g - ring of protection from fire
HPRegen 1.88/turn    t - ring of poison resistance
MPRegen 0.12/turn

%: no spellcasting, random rage (3%), rampage
@: invisible
A: horns 1, berserk 1, regeneration 1
a: Renounce Religion, Heroism


You were on level 5 of the Dungeon.
You worshipped Okawaru.
Okawaru was pleased with you.
You visited 2 branches of the dungeon, and saw 6 of its levels.

You collected 347 gold pieces.

Inventory:

Hand Weapons
 a - a +0 shortbow
 k - a +0 demon blade (weapon)
 m - a +2 short sword of holy wrath
Missiles
 f - 2 throwing nets (quivered)
Armour
 c - a +0 leather armour
 o - a +0 ring mail
 s - the +1 chain mail of Yczid (worn) {-Cast Rampage rF+ Will+}
   (You found it on level 4 of the Dungeon)

   rF:        It protects you from fire.
   -Cast:     It prevents spellcasting.
   Rampage:   It bestows one free step when moving towards enemies.
   Will:      It increases your willpower.
 u - a +1 cloak (worn)
Jewellery
 g - a ring of protection from fire (left hand)
 i - a ring of willpower
 l - an amulet of guardian spirit
 n - a ring of fire
 p - a ring of protection from fire
 t - a ring of poison resistance (right hand)
 y - an amulet of regeneration (around neck)
 A - a +4 ring of protection
Wands
 z - a wand of iceblast (8)
Scrolls
 b - a scroll of immolation
 h - a scroll of blinking
Potions
 d - a potion of curing
 e - a potion of might
 j - a potion of flight
 q - 2 potions of heal wounds
 v - a potion of degeneration {unknown}
 w - a potion of haste {unknown}
 C - 2 potions of magic


   Skills:
 + Level 3.9 Fighting
 - Level 2.4(3.0) Short Blades
 + Level 2.3(2.7) Long Blades
 * Level 9.7 Ranged Weapons
 + Level 5.7 Dodging
 + Level 5.6 Stealth


You had 7 spell levels left.
You didn't know any spells.
Your spell library contained the following spells:

 Spells                   Type           Power      Damage    Failure   Level
 Dazzling Flash           Conj/Hex       0%         N/A       100%        3
 Vhi's Electric Charge    Tloc/Air       0%         N/A       100%        3
 Volatile Blastmotes      Fire/Tloc      0%         2d10      100%        3
 Iskenderun's Mystic Bla  Conj/Tloc      0%         2d3       100%        4
 Arcjolt                  Conj/Air       0%         1d10      100%        5
 Plasma Beam              Fire/Air       0%         2x1d11    100%        6
 Starburst                Conj/Fire      0%         6d3       100%        6


Dungeon Overview and Level Annotations

Branches:
Dungeon (5/15)             Temple (1/1) D:4

Altars:
Cheibriados
Dithmenos
Elyvilon
Fedhas
Gozag
Kikubaaqudgha
Makhleb
Nemelex Xobeh
Okawaru
Qazlal
Ru
Trog
Uskayaw
Wu Jian
Xom
Yredelemnul
Zin
The Shining One

Annotations:
Temple 2 transporters


Innate Abilities, Weirdness & Mutations

You have a pair of small horns on your head.
You sometimes lose your temper in combat.
Your natural rate of healing is unusually fast.


Message History

There is a stone staircase leading down here.
You start waiting.
Done waiting.
Okay, then.
Okay, then.
Okay, then.
As you read the scroll of identify, it crumbles to dust.
C - 2 potions of magic You climb downwards.
The centaur shoots an arrow.
The arrow hits you!
There is a stone staircase leading up, spattered with blood here.
You fade into invisibility!
You hit the acid dragon.
The acid dragon is moderately wounded.
The acid dragon bites you! The acid dragon closely misses you.
The centaur shoots an arrow.
The arrow misses the acid dragon.
The arrow barely misses you.
You catch the helpless acid dragon completely off-guard!
You slash the acid dragon!
You headbutt the acid dragon, but do no damage.
The acid dragon is heavily wounded.
The centaur shoots an arrow.
The arrow closely misses the acid dragon.
The arrow closely misses you. The acid dragon bites you.
The acid dragon claws you.
The centaur shoots an arrow.
The arrow hits the acid dragon.
You closely miss the acid dragon. You punch the acid dragon.
The acid dragon is severely wounded.
The acid dragon bites you. The acid dragon claws you.
The centaur shoots an arrow.
The arrow hits the acid dragon.
The acid dragon spits acid at you. The splash of acid hits you!
You strike the helpless acid dragon from behind!
You hit the acid dragon but do no damage.
The acid dragon is severely wounded.
The centaur shoots an arrow.
The arrow barely misses the acid dragon.
The arrow hits you. The acid dragon spits acid at you.
The splash of acid hits you!!
You die...

#......+...##..##...##...........
#......#.............#......##..#
#......#.............#......##..#
#.<....#.............#...........
#......#.............#...........
#.....##...##........#...........
#.....##...##.......##......#####
#...........#.......##......#
#......)....#...@Dc.........#
#...........#..........)....#
#...........#...............#####
#...........#..#######..##..##..#
#...........#..## #..##..##...
#...........#...# #..c'...'...
#...........)...# #...#c.##..#
#...........#...# #...#...####
#...........#).## #..##...#


You could see an acid dragon (unable to see you, catching breath) and a centaur
(unable to see you).

Vanquished Creatures
  Pikel (D:4)
  Grinder (D:5)
  2 water moccasins (D:5)
  A phantom (D:5)
  2 lemures (D:4)
  2 scorpions
  2 hounds
  2 orc priests (D:5)
  A sleepcap (D:5)
  2 iguanas
  An orc wizard (D:5)
  Terence (D:3)
  4 adders
  6 gnolls
  A white imp (D:5)
  2 worms
  A dart slug (D:1)
  10 orcs
  6 endoplasms
  A giant cockroach (D:1)
  4 goblins
  11 hobgoblins
  3 jackals (D:1)
  8 kobolds
  6 quokkas
  10 ball pythons
  7 bats
  2 frilled lizards (D:1)
  A rat (D:1)
101 creatures vanquished.

Notes
Turn   | Place    | Note
-------+----------+-------------------------------------------
     0 | D:1      | Pimp the Deep Elf Hunter began the quest for the Orb.
     0 | D:1      | Reached XP level 1. HP: 12/12 MP: 3/3
   126 | D:1      | Reached XP level 2. HP: 17/17 MP: 4/4
   436 | D:1      | Reached XP level 3. HP: 21/21 MP: 5/5
   942 | D:2      | Reached skill level 6 in Ranged Weapons
  1195 | D:2      | Reached XP level 4. HP: 16/26 MP: 3/6
  1675 | D:3      | Noticed Terence
  1691 | D:3      | Killed Terence
  2075 | D:4      | Reached XP level 5. HP: 31/31 MP: 7/7
  2100 | D:4      | Identified the +1 chain mail of Yczid {-Cast Rampage rF+
                  | Will+}
  2368 | D:4      | Found a staircase to the Ecumenical Temple.
  2379 | Temple   | Entered the Ecumenical Temple
  2379 | Temple   | Found a transporter.
  2379 | Temple   | Found a transporter.
  2381 | Temple   | Found a transporter.
  2381 | Temple   | Found a transporter.
  2399 | Temple   | Became a worshipper of Warmaster Okawaru
  2421 | D:4      | Reached skill level 1 in Short Blades
  2840 | D:4      | Noticed a lemure
  2847 | D:4      | Killed a lemure
  2848 | D:4      | Noticed a lemure
  2857 | D:4      | Killed a lemure
  2859 | D:4      | Noticed a lemure
  2860 | D:4      | Noticed Pikel
  2870 | D:4      | Noticed a lemure
  2876 | D:4      | Killed Pikel
  2876 | D:4      | Reached * piety under Okawaru
  2877 | D:4      | Reached skill level 8 in Ranged Weapons
  2877 | D:4      | Reached XP level 6. HP: 30/37 MP: 5/8
  2877 | D:4      | Reached XP level 7. HP: 34/41 MP: 5/9
  3284 | D:5      | Entered Level 5 of the Dungeon
  3412 | D:5      | Reached skill level 5 in Dodging
  3496 | D:5      | Reached skill level 1 in Long Blades
  3606 | D:5      | Noticed Grinder
  3608 | D:5      | Gained mutation: You sometimes lose your temper in combat.
                  | [potion of mutation]
  3608 | D:5      | Gained mutation: You have a pair of small horns on your
                  | head. [potion of mutation]
  3608 | D:5      | Gained mutation: Your natural rate of healing is unusually
                  | fast. [potion of mutation]
  3627 | D:5      | Killed Grinder
  3627 | D:5      | Reached ** piety under Okawaru
  3628 | D:5      | Reached skill level 9 in Ranged Weapons
  3628 | D:5      | Reached skill level 5 in Stealth
  3628 | D:5      | Reached XP level 8. HP: 37/47 MP: 5/10
  4624 | D:5      | Killed from afar by an acid dragon

Illustrated notes

Levels and vault maps discovered:
D:1:      matt_arrival_diagonals, layout_basic
D:2:      layout_loops_cross, serial_glass, glass_columns_a, glass_columns_a,
          st_stairs_13, minmay_misc_feat_tiny
D:3:      layout_rooms, uniq_terence
D:4:      layout_basic, minmay_temple_entry_water_ring, uniq_pikel
D:5:      kennysheep_big_flooded_room, layout_gridville, uniq_grinder
Temple:   hellmonk_temple_divided_pantheon

Skill      XL: |  1  2  3  4  5  6  7  8 |
---------------+-------------------------+-----
Stealth        | 2 4 5 |  5.6
Dodging        | 3 4 5 |  5.7
Fighting       | 2 3 |  3.9
Ranged Weapons | 6 8 9 |  9.7
Short Blades   | 2 |  2.4
Long Blades    | 1 2 |  2.3

Action                     |  1- 3 |  4- 6 |  7- 9 || total
---------------------------+-------+-------+-------++-------
  Melee: Short sword       |    12 |       |    17 ||    29
         Demon blade       |       |    22 |    76 ||    98
         Headbutt          |       |       |    18 ||    18
         Punch             |       |       |     3 ||     3
   Fire: Shortbow          |   107 |    86 |    67 ||   260
  Throw: Throwing net      |       |       |     2 ||     2
    Use: Scroll            |     1 |     4 |     7 ||    12
         Potion            |     1 |     2 |     4 ||     7
   Stab: Invisible         |       |       |     2 ||     2
 Armour: Leather armour    |    16 |       |       ||    16
         Ring mail         |       |     7 |       ||     7
         Chain mail        |       |    21 |    74 ||    95
  Dodge: Dodged            |    33 |    21 |    43 ||    97
